TOP OF THE 1ST |
Kansas Jayhawks batting - Pitching for Creighton Blue Jays : RHP Allen Hansen
|
Pitching: RHP Allen Hansen
|
|
Batting: LHB Kevin Grimes
|
0-0: Called Strike 0-1: Ground out 6-3 (Groundball, 6)
|
Batting: LHB Francisco Blanco
|
0-0: Ball 1-0: Ball 2-0: Ball 3-0: Base on Balls
|
Batting: RHB Robbie Jenkins
|
0-0: Ball 1-0: Called Strike Francisco Blanco steals 2nd base 1-1: Foul Ball, location: 2F 1-2: Ball 2-2: Ground out 5-3 (Groundball, 5L)
|
Batting: LHB Victor Stuart
|
0-0: Ball 1-0: Swinging Strike 1-1: Swinging Strike 1-2: Ball 2-2: Foul Ball, location: 2F 2-2: SINGLE (Groundball, 56) Francisco Blanco to third Runner from 3rd tries for Home, SAFE, no throw or cutoff
|
Batting: RHB John Stevens
|
0-0: Called Strike 0-1: Foul Ball, location: 2F 0-2: Foul Ball, location: 2F 0-2: Strikes out swinging
|
Top of the 1st over - 1 run(s), 1 hit(s), 0 error(s), 1 left on base; Kansas 1 - Creighton 0 |
BOTTOM OF THE 1ST |
Creighton Blue Jays batting - Pitching for Kansas Jayhawks : RHP Sam Bryant
|
Pitching: RHP Sam Bryant
|
|
Batting: SHB Mario Trujillo
|
0-0: Called Strike 0-1: Ball 1-1: Swinging Strike 1-2: Strikes out looking
|
Batting: RHB Bernard Samuels
|
0-0: Foul Ball, location: 2F 0-1: Ball 1-1: Ball 2-1: Ball 3-1: Base on Balls
|
Batting: LHB Jonathon Terry
|
0-0: Called Strike 0-1: Ball 1-1: Foul Ball, location: 2F 1-2: Ball 2-2: DOUBLE (Flyball, 89XD) Bernard Samuels to third Runner from 3rd tries for Home, SAFE, throw made home
|
Batting: LHB Michael Edwards
|
0-0: Ball 1-0: Ball 2-0: SINGLE (Line Drive, 4D) Jonathon Terry to third
|
Batting: RHB Félix Escamilla
|
0-0: Ball 1-0: Foul Ball, location: 2F 1-1: Ball 2-1: Ball 3-1: Called Strike 3-2: Foul Ball, location: 2F 3-2: Strikes out looking
|
Batting: SHB Tom Johnson
|
0-0: Called Strike 0-1: Ball 1-1: Fly out, F7 (Flyball, 7M)
|
Bottom of the 1st over - 1 run(s), 2 hit(s), 0 error(s), 2 left on base; Kansas 1 - Creighton 1 |
TOP OF THE 2ND |
Kansas Jayhawks batting - Pitching for Creighton Blue Jays : RHP Allen Hansen
|
Batting: LHB Roy Woods
|
0-0: Foul Ball, location: 2F 0-1: Ball 1-1: SINGLE (Flyball, 7S)
|
Batting: RHB Johnny Hawson
|
0-0: Called Strike 0-1: Foul Ball, location: 2F 0-2: Ball 1-2: Ball 2-2: Ball 3-2: Base on Balls Roy Woods to second
|
Batting: RHB Manuel Cisneros
|
0-0: Fielders Choice at 2nd, 6-4 (Groundball, 6) Roy Woods to third
|
Batting: RHB Cordell Grady
|
0-0: Ball 1-0: Swinging Strike 1-1: Fly out, F7 (Flyball, 78S)
|
Batting: LHB Kevin Grimes
|
0-0: Ball 1-0: Ground out 1-3 (Groundball, 13S)
|
Top of the 2nd over - 0 run(s), 1 hit(s), 0 error(s), 2 left on base; Kansas 1 - Creighton 1 |
BOTTOM OF THE 2ND |
Creighton Blue Jays batting - Pitching for Kansas Jayhawks : RHP Sam Bryant
|
Batting: RHB Doug Burke
|
0-0: SINGLE (Line Drive, 4MD)
|
Batting: RHB Matt Cole
|
0-0: Ball 1-0: Ball 2-0: Ball 3-0: Called Strike 3-1: Called Strike 3-2: Foul Ball, location: 2F 3-2: Base on Balls Doug Burke to second
|
Batting: RHB Jesús López
|
0-0: Ball 1-0: Foul Ball, location: 2F 1-1: SINGLE (Groundball, 56D) Doug Burke to third Matt Cole to second
|
Batting: SHB Mario Trujillo
|
0-0: Ball 1-0: Ball 2-0: Ball 3-0: Base on Balls Doug Burke scores Matt Cole to third Jesús López to second
|
Batting: RHB Bernard Samuels
|
0-0: Called Strike 0-1: Fly out, F6 (Popup, 6D)
|
Batting: LHB Jonathon Terry
|
0-0: Fly out, F8 (Flyball, 8LM) Runner from 3rd tags up, SCORES, no throw
|
Batting: LHB Michael Edwards
|
0-0: Foul Ball, location: 2F 0-1: Ground out 4-3 (Groundball, 4)
|
Bottom of the 2nd over - 2 run(s), 2 hit(s), 0 error(s), 2 left on base; Kansas 1 - Creighton 3 |
TOP OF THE 3RD |
Kansas Jayhawks batting - Pitching for Creighton Blue Jays : RHP Allen Hansen
|
Batting: LHB Francisco Blanco
|
0-0: SINGLE (Groundball, 6MD)
|
Batting: RHB Robbie Jenkins
|
0-0: Ball Wild Pitch! Francisco Blanco to second 1-0: Foul Ball, location: 2F 1-1: Ball 2-1: Fly out, F3 (Popup, 3SF)
|
Batting: LHB Victor Stuart
|
0-0: Called Strike 0-1: Ball 1-1: Foul Ball, location: 2F 1-2: Foul Ball, location: 2F 1-2: Strikes out swinging
|
Batting: RHB John Stevens
|
0-0: Called Strike 0-1: Ball 1-1: Ball 2-1: Ball 3-1: Foul Ball, location: 2F 3-2: Foul Ball, location: 2F 3-2: Base on Balls
|
Batting: LHB Roy Woods
|
0-0: Called Strike 0-1: Foul Ball, location: 2F 0-2: Foul Ball, location: 2F 0-2: Foul Ball, location: 2F 0-2: Ground out 1-3 (Groundball, 2L)
|
Top of the 3rd over - 0 run(s), 1 hit(s), 0 error(s), 2 left on base; Kansas 1 - Creighton 3 |
BOTTOM OF THE 3RD |
Creighton Blue Jays batting - Pitching for Kansas Jayhawks : RHP Sam Bryant
|
Batting: RHB Félix Escamilla
|
0-0: Ball 1-0: Called Strike 1-1: Foul Ball, location: 2F 1-2: Strikes out swinging
|
Batting: SHB Tom Johnson
|
0-0: Foul Ball, location: 2F 0-1: Ball 1-1: Foul Ball, location: 2F 1-2: Ball 2-2: Fly out, F2 (Popup, 2LF)
|
Batting: RHB Doug Burke
|
0-0: Ball 1-0: Fly out, F6 (Line Drive, 6)
|
Bottom of the 3rd over - 0 run(s), 0 hit(s), 0 error(s), 0 left on base; Kansas 1 - Creighton 3 |
TOP OF THE 4TH |
Kansas Jayhawks batting - Pitching for Creighton Blue Jays : RHP Allen Hansen
|
Batting: RHB Johnny Hawson
|
0-0: Fly out, F6 (Line Drive, 6)
|
Batting: RHB Manuel Cisneros
|
0-0: Called Strike 0-1: Swinging Strike 0-2: Ball 1-2: Ball 2-2: Strikes out swinging
|
Batting: RHB Cordell Grady
|
0-0: Swinging Strike 0-1: Foul Ball, location: 2F 0-2: Strikes out swinging
|
Top of the 4th over - 0 run(s), 0 hit(s), 0 error(s), 0 left on base; Kansas 1 - Creighton 3 |
BOTTOM OF THE 4TH |
Creighton Blue Jays batting - Pitching for Kansas Jayhawks : RHP Sam Bryant
|
Batting: RHB Matt Cole
|
0-0: Fly out, F5 (Popup, 5SF)
|
Batting: RHB Jesús López
|
0-0: Fly out, F7 (Flyball, 7M)
|
Batting: SHB Mario Trujillo
|
0-0: SINGLE (Groundball, 4M)
|
Batting: RHB Bernard Samuels
|
0-0: Ball 1-0: Ball 2-0: Fly out, F8 (Flyball, 8RM)
|
Bottom of the 4th over - 0 run(s), 1 hit(s), 0 error(s), 1 left on base; Kansas 1 - Creighton 3 |
TOP OF THE 5TH |
Kansas Jayhawks batting - Pitching for Creighton Blue Jays : RHP Allen Hansen
|
Batting: LHB Kevin Grimes
|
0-0: SINGLE (Groundball, 34)
|
Batting: LHB Francisco Blanco
|
0-0: Called Strike 0-1: Foul Ball, location: 2F 0-2: Ball 1-2: Strikes out swinging
|
Batting: RHB Robbie Jenkins
|
0-0: Called Strike 0-1: Ball 1-1: SINGLE (Flyball, 89S) Kevin Grimes to second Runner from 2nd tries for 3rd, SAFE, no throw or cutoff
|
Batting: LHB Victor Stuart
|
0-0: Ball 1-0: Ball 2-0: SINGLE (Groundball, 5D) Kevin Grimes scores Robbie Jenkins to second
|
Batting: RHB John Stevens
|
0-0: Ball 1-0: Fielders Choice at 2nd, 6-4 (Groundball, 56) Robbie Jenkins to third
|
Pitching: RHP Stan Roberts
|
|
Batting: LHB Roy Woods
|
0-0: Swinging Strike 0-1: Ball 1-1: Called Strike 1-2: Ball 2-2: Foul Ball, location: 2F 2-2: Strikes out swinging
|
Top of the 5th over - 1 run(s), 3 hit(s), 0 error(s), 2 left on base; Kansas 2 - Creighton 3 |
BOTTOM OF THE 5TH |
Creighton Blue Jays batting - Pitching for Kansas Jayhawks : RHP Sam Bryant
|
Batting: LHB Jonathon Terry
|
0-0: Ball 1-0: Reached on error, E4 (Groundball, 4)
|
Batting: LHB Michael Edwards
|
0-0: Ball 1-0: Ball 2-0: Called Strike 2-1: Swinging Strike 2-2: Ball 3-2: Base on Balls Jonathon Terry to second
|
Batting: RHB Félix Escamilla
|
0-0: Foul Ball, location: 2F 0-1: Swinging Strike 0-2: Strikes out swinging
|
Batting: SHB Tom Johnson
|
0-0: Ball 1-0: Swinging Strike 1-1: Swinging Strike 1-2: Strikes out swinging
|
Batting: RHB Doug Burke
|
0-0: Ball 1-0: Called Strike 1-1: Ball 2-1: Ball 3-1: Foul Ball, location: 2F 3-2: Strikes out swinging
|
Bottom of the 5th over - 0 run(s), 0 hit(s), 1 error(s), 2 left on base; Kansas 2 - Creighton 3 |
TOP OF THE 6TH |
Kansas Jayhawks batting - Pitching for Creighton Blue Jays : RHP Stan Roberts
|
Batting: RHB Johnny Hawson
|
0-0: Called Strike 0-1: Ball 1-1: Swinging Strike 1-2: Ball 2-2: Ball 3-2: Foul Ball, location: 2F 3-2: Foul Ball, location: 2F 3-2: Base on Balls
|
Batting: RHB Manuel Cisneros
|
0-0: Called Strike 0-1: Foul Ball, location: 2F 0-2: Ground out 5-3 (Groundball, 56S) Johnny Hawson to second
|
Batting: RHB Cordell Grady
|
0-0: SINGLE (Line Drive, 4MD) Johnny Hawson to third
|
Batting: LHB Kevin Grimes
|
0-0: Ball 1-0: Swinging Strike 1-1: Foul Ball, location: 2F 1-2: Strikes out swinging
|
Batting: LHB Francisco Blanco
|
0-0: Called Strike 0-1: Swinging Strike 0-2: Ball 1-2: Foul Ball, location: 2F 1-2: Ball 2-2: Strikes out looking
|
Top of the 6th over - 0 run(s), 1 hit(s), 0 error(s), 2 left on base; Kansas 2 - Creighton 3 |
BOTTOM OF THE 6TH |
Creighton Blue Jays batting - Pitching for Kansas Jayhawks : RHP Sam Bryant
|
Pitching: LHP John Claveau
|
|
Batting: RHB Matt Cole
|
0-0: Called Strike 0-1: Ball 1-1: Ball 2-1: Fly out, F8 (Flyball, 8LD)
|
Batting: RHB Jesús López
|
0-0: Ball 1-0: Ball 2-0: Swinging Strike 2-1: Swinging Strike 2-2: Strikes out swinging
|
Batting: SHB Mario Trujillo
|
0-0: Called Strike 0-1: Foul Ball, location: 2F 0-2: Ball 1-2: Ball 2-2: Ball 3-2: Base on Balls
|
Batting: RHB Bernard Samuels
|
0-0: Called Strike 0-1: Ball 1-1: Ground out 5-3 (Groundball, 5)
|
Bottom of the 6th over - 0 run(s), 0 hit(s), 0 error(s), 1 left on base; Kansas 2 - Creighton 3 |
TOP OF THE 7TH |
Kansas Jayhawks batting - Pitching for Creighton Blue Jays : RHP Stan Roberts
|
Batting: RHB Robbie Jenkins
|
0-0: SOLO HOME RUN (Flyball, 8RXD), Distance : 439 ft
|
Batting: LHB Victor Stuart
|
0-0: Ground out 5-3 (Groundball, 5S)
|
Batting: RHB John Stevens
|
0-0: Called Strike 0-1: Swinging Strike 0-2: Ball 1-2: Strikes out swinging
|
Batting: LHB Roy Woods
|
0-0: Ball 1-0: Called Strike 1-1: Ground out 4-3 (Groundball, 34)
|
Top of the 7th over - 1 run(s), 1 hit(s), 0 error(s), 0 left on base; Kansas 3 - Creighton 3 |
BOTTOM OF THE 7TH |
Creighton Blue Jays batting - Pitching for Kansas Jayhawks : LHP John Claveau
|
Pinch Hitting: RHB Salvador Castro
|
0-0: Ball 1-0: Foul Ball, location: 2F 1-1: Fly out, F2 (Popup, 2RF)
|
Pinch Hitting: RHB Paul Rainford
|
0-0: Ball 1-0: SINGLE (Groundball, 56)
|
Batting: RHB Félix Escamilla
|
0-0: Ball 1-0: Called Strike 1-1: Swinging Strike 1-2: Strikes out looking
|
Batting: SHB Tom Johnson
|
0-0: Foul Ball, location: 2F 0-1: Fielders Choice at 2nd, 6-4 (Groundball, 6)
|
Bottom of the 7th over - 0 run(s), 1 hit(s), 0 error(s), 0 left on base; Kansas 3 - Creighton 3 |
TOP OF THE 8TH |
Kansas Jayhawks batting - Pitching for Creighton Blue Jays : RHP Stan Roberts
|
Pitching: RHP Herman Merritt
|
|
Now at 1B: Salvador Castro
|
|
Now in RF: Paul Rainford
|
|
Batting: RHB Johnny Hawson
|
0-0: Ball 1-0: Called Strike 1-1: Called Strike 1-2: Fly out, F3 (Popup, 3F)
|
Batting: RHB Manuel Cisneros
|
0-0: Foul Ball, location: 2F 0-1: SINGLE (Line Drive, 78M)
|
Batting: RHB Cordell Grady
|
0-0: Ball 1-0: Ball 2-0: Ball 3-0: Base on Balls Manuel Cisneros to second
|
Batting: LHB Kevin Grimes
|
0-0: Ground out 5-3 (Groundball, 5S) Manuel Cisneros to third Cordell Grady to second
|
Batting: LHB Francisco Blanco
|
0-0: Ball 1-0: Ball 2-0: Ball 3-0: Base on Balls
|
Batting: RHB Robbie Jenkins
|
0-0: Reached on error, E5 (Groundball, 56S) Manuel Cisneros scores Cordell Grady scores Francisco Blanco to third
|
Batting: LHB Victor Stuart
|
0-0: Ground out 6-3 (Groundball, 6)
|
Top of the 8th over - 2 run(s), 1 hit(s), 1 error(s), 2 left on base; Kansas 5 - Creighton 3 |
BOTTOM OF THE 8TH |
Creighton Blue Jays batting - Pitching for Kansas Jayhawks : LHP John Claveau
|
Pitching: RHP Joe Rose
|
|
Batting: RHB Doug Burke
|
0-0: Ground out 6-3 (Groundball, 6M)
|
Batting: RHB Matt Cole
|
0-0: Ball 1-0: Foul Ball, location: 2F 1-1: Ball 2-1: Swinging Strike 2-2: Foul Ball, location: 2F 2-2: Ball 3-2: Base on Balls
|
Batting: RHB Jesús López
|
0-0: Called Strike 0-1: Grounds into double play, 5-4-3 (Groundball, 56)
|
Bottom of the 8th over - 0 run(s), 0 hit(s), 0 error(s), 0 left on base; Kansas 5 - Creighton 3 |
TOP OF THE 9TH |
Kansas Jayhawks batting - Pitching for Creighton Blue Jays : RHP Herman Merritt
|
Batting: RHB John Stevens
|
0-0: Ball 1-0: Ball 2-0: Ball 3-0: Called Strike 3-1: Foul Ball, location: 2F 3-2: Strikes out looking
|
Batting: LHB Roy Woods
|
0-0: Ball 1-0: Called Strike 1-1: Ball 2-1: SINGLE (Groundball, 34D)
|
Batting: RHB Johnny Hawson
|
0-0: Ball 1-0: Fly out, F9 (Flyball, 9LM)
|
Batting: RHB Manuel Cisneros
|
0-0: Ball 1-0: Foul Ball, location: 2F 1-1: Swinging Strike 1-2: Strikes out swinging
|
Top of the 9th over - 0 run(s), 1 hit(s), 0 error(s), 1 left on base; Kansas 5 - Creighton 3 |
BOTTOM OF THE 9TH |
Creighton Blue Jays batting - Pitching for Kansas Jayhawks : RHP Joe Rose
|
Pitching: LHP Jake Long
|
|
Batting: SHB Mario Trujillo
|
0-0: Ball 1-0: Ball 2-0: Called Strike 2-1: Foul Ball, location: 2F 2-2: Ball 3-2: Base on Balls
|
Batting: RHB Bernard Samuels
|
0-0: Swinging Strike 0-1: Ball 1-1: Ball 2-1: SINGLE (Flyball, 34D) Mario Trujillo to second Runner from 2nd tries for 3rd, SAFE, no throw or cutoff
|
Batting: RHB Salvador Castro
|
0-0: Ball 1-0: Swinging Strike 1-1: Ball 2-1: Foul Ball, location: 2F 2-2: Ground out 5-3 (Groundball, 56S) Mario Trujillo scores Bernard Samuels to second
|
Batting: RHB Paul Rainford
|
0-0: Swinging Strike 0-1: Ball 1-1: Ball 2-1: Ball 3-1: Foul Ball, location: 2F 3-2: Strikes out swinging
|
Batting: RHB Félix Escamilla
|
0-0: Ball 1-0: Ground out 1-3 (Groundball, 15)
|
Bottom of the 9th over - 1 run(s), 1 hit(s), 0 error(s), 1 left on base; Kansas 5 - Creighton 4 |
|